 Dungeon Crawl Stone Soup version 0.31-a0-1-g4198be8af4 (webtiles) character file.

Game seed: 9399466580148395264

1602 ytrimaz the Slasher (level 8, -1/60 HPs)
             Began as an Octopode Gladiator on May 2, 2023.
             Was an Initiate of Ashenzari.
             Slain by an ice beast (9 damage)
             ... on level 6 of the Dungeon.
             The game lasted 00:08:26 (5511 turns).

ytrimaz the Slasher (Octopode Gladiator)            Turns: 5511, Time: 00:08:27

Health: -1/60      AC:  2    Str: 13    XL:     8   Next: 94%
Magic:  0/8        EV: 15    Int: 11    God:    Ashenzari [......]
Gold:   244        SH:  0    Dex: 15    Spells: 7/7 levels left

rFire   . . .        a - +0 long sword (heavy)
rCold   . . .        (no shield)
rNeg    . . .        b - +1 hat
rPois   .            i - amulet of guardian spirit
rElec   .            o - ring of Ashenzari's Moon {rCorr, Melee, Elem} (curse)
rCorr   +            (no ring)
SInv    .            (no ring)
Will    .....        (no ring)
Stlth   ++           (no ring)
HPRegen 0.30/turn    (no ring)
MPRegen 0.11/turn    (no ring)
                     (no ring)

%: guardian spirit
@: no status effects
A: almost no armour, amphibious, 8 rings, camouflage 1, gelatinous body 1,
(nimble swimmer 1), tentacles
a: Renounce Religion, Curse Item, Shatter the Chains


You were on level 6 of the Dungeon.
You worshipped Ashenzari.
Ashenzari was noncommittal.
You visited 2 branches of the dungeon, and saw 8 of its levels.
You also visited: Ossuary.

You collected 296 gold pieces.
You spent 52 gold pieces at shops.


Innate Abilities, Weirdness & Mutations

You cannot wear most types of armour.
You are amphibious.
You can wear up to eight rings at the same time.
Your skin changes colour to match your surroundings (Stealth+).
Your rubbery body absorbs attacks. (AC +1, EV +1)
((You are camouflaged when in or above water. (Stealth+)))
You have tentacles for arms and can constrict up to eight enemies at once.


   Skills:
 * Level 7.2 Fighting
 * Level 7.5(8.0) Long Blades
 - Level 2.0 Throwing
 + Level 5.6 Dodging


You had 7 spell levels left.
You didn't know any spells.
Your spell library contained the following spells:

 Spells                   Type           Power      Damage    Failure   Level
 Sandblast                Erth           0%         2d4       34%         1
 Ensorcelled Hibernation  Hex/Ice        0%         N/A       47%         2
 Passwall                 Tmut/Erth      0%         N/A       47%         2
 Stone Arrow              Conj/Erth      0%         3d7       71%         3
 Summon Guardian Golem    Hex/Summ       0%         N/A       71%         3
 Swiftness                Air            0%         N/A       71%         3
 Anguish                  Hex/Necr       0%         N/A       98%         4
 Enfeeble                 Hex            0%         N/A       100%        7
 Orb of Destruction       Conj           0%         9d5       100%        7
 Spellforged Servitor     Conj/Summ      0%         N/A       100%        7

Inventory:

Hand Weapons
 a - a +0 heavy long sword (weapon)
 s - a +0 scimitar
   (You found it on level 6 of the Dungeon)
Missiles
 c - 3 throwing nets (quivered)
 d - 5 javelins
Armour
 b - a +1 hat (worn)
Jewellery
 i - an amulet of guardian spirit (around mantle)
   (You found it on level 3 of the Dungeon)
 o - the cursed ring of Ashenzari's Moon (left tentacle) {rCorr, Melee, Elem}
   (You found it on level 5 of the Dungeon)

   [ring of resist corrosion]

   rCorr:     It protects you from acid and corrosion.
   It has a curse which improves the following skills: Melee Combat: Short
   Blades, Long Blades, Axes, Maces & Flails, Polearms, Staves and Unarmed
   Combat.
   Elements:  Fire Magic, Ice Magic, Air Magic and Earth Magic.
Scrolls
 j - a scroll of teleportation
 n - a scroll of poison
 q - a scroll of torment
 r - a scroll of blinking
Potions
 e - 2 potions of flight {unknown}
 f - a potion of cancellation {unknown}
 g - a potion of attraction {unknown}
 h - a potion of invisibility
 k - 2 potions of curing
 l - 2 potions of degeneration {unknown}
 m - 3 potions of mutation {unknown}
 p - a potion of might

Dungeon Overview and Level Annotations

Branches:
Dungeon (7/15) Zot: 26925  Temple (1/1) D:5 Zot: 5856 Ossuary (visited)

Altars:
Ashenzari
Cheibriados
Dithmenos
Elyvilon
Fedhas
Gozag
Kikubaaqudgha
Makhleb
Nemelex Xobeh
Okawaru
Ru
Trog
Uskayaw
Wu Jian
Xom
Yredelemnul
Zin

Shops:
D:3 *   D:4 (?=[

...#... ....... ......#
####+#### .o....#
........# #######......#
........# #............#
........# #....?.......#
........# #.o..........#
.......@###.....#......#
........Yo.o....#......#
.......###oo....######.#
....... ##.....# #
....... #..†..# .......
#.....# #.... .....).
#.....# #.... .......
###..#####....
##.....#....


You could see an ice beast, an orc wizard and 3 orcs.


Message History

You are too injured to fight recklessly!
An orc wizard and 2 orcs come into view. 😮 HP[+1]
You are too injured to fight recklessly!
You are too injured to fight recklessly!
An ice beast and an orc come into view.
The orc wizard shouts!
The orc shouts! x2; The ufetubus shouts!
An orc wizard comes into view. It is wielding a +0 dagger.
The orc moves out of view.
You are too injured to fight recklessly!
Unknown command.
The ufetubus attacks as you move away! The ufetubus closely misses you.
The ufetubus hits you.
The orc shouts!
The orc wizard shouts!
You hear a shout!
The orc wizard casts a spell at you.
You resist with some effort. 😮 HP[-2] MP[+1]
You take 2 damage, and now have 43/60 hp.
You are too injured to fight recklessly!
Unknown command.
You are too injured to fight recklessly!
The ufetubus closely misses you. The ufetubus misses you.
The ufetubus barely misses you.
The ufetubus closely misses you. 😮 HP[+1]
You are too injured to fight recklessly!
An orc comes into view. It is wielding a +0 trident.
The ufetubus barely misses you. The ufetubus closely misses you.
The orc wizard points at you and mumbles some strange words.
You resist with some effort.
The orc shouts!
The ufetubus hits you. The ufetubus completely misses you.
The orc wizard gestures wildly while chanting.
The orc wizard flickers and vanishes!
Deactivating autopickup; reactivate with Ctrl-A. 😮 HP[-1] MP[-1]
You take 1 damage, and now have 43/60 hp.
You lost 1 mp, and now have 6/8 mp.
The ufetubus misses you. The ufetubus hits you. 😮 HP[-4]
You take 4 damage, and now have 39/60 hp.
The ufetubus attacks as you move away! The ufetubus misses you.
The ufetubus barely misses you.
A jelly comes into view. 😮 HP[+1]
You miss the ufetubus. You grab the ufetubus. You constrict the ufetubus.
The ufetubus closely misses you. The ufetubus completely misses you.
The ufetubus misses you.
The ufetubus barely misses you. 😮 MP[+1]
You barely miss the ufetubus.
You squeeze the ufetubus, but do no damage.
You constrict the ufetubus.
You kill the ufetubus!
The orc barely misses you. 😮 HP[+1] Unknown command.
You closely miss the orc. You grab the orc. You constrict the orc.
The orc misses you.
You slash the orc!
You kill the orc!
The ice beast hits you but does no damage.
You slash the ice beast! Your squeeze misses the ice beast.
A scorpion comes into view.
The ice beast hits you.
The ice beast freezes you! 😮 HP[-8] MP[-2]
You take 8 damage, and now have 33/60 hp.
You lost 2 mp, and now have 5/8 mp.
Unknown command.
You closely miss the ice beast.
The jelly quivers.
The ice beast misses you. The ice beast hits you. The ice beast freezes you!
* * * LOW HITPOINT WARNING * * *
😨 HP[-11] MP[-1]
You take 11 damage, and now have 22/60 hp.
You lost 1 mp, and now have 4/8 mp.
You closely miss the ice beast. You squeeze the ice beast.
The ice beast completely misses you. 😨 HP[+1] MP[+1] Unknown command.
You closely miss the ice beast. The jelly misses you.
The ice beast closely misses you. The jelly hits you but does no damage.
The ice beast barely misses you.
Unknown command.
You slash the jelly!
Your tentacles burn!
* * * LOW HITPOINT WARNING * * *
You squeeze the jelly.
You kill the jelly!
The ice beast hits you.
* * * LOW HITPOINT WARNING * * *
The ice beast freezes you!
* * * LOW HITPOINT WARNING * * *
Unknown command. 😱 HP[-12] MP[-3]
You take 12 damage, and now have 11/60 hp.
You lost 3 mp, and now have 2/8 mp.
Unknown command.
You barely miss the ice beast. Your squeeze misses the ice beast.
The ice beast misses you. The ice beast hits you.
* * * LOW HITPOINT WARNING * * *
The ice beast freezes you!
You die...

Skill      XL: |  1  2  3  4  5  6  7  8 |
---------------+-------------------------+-----
Fighting       | 3 4 5 7 |  7.2
Long Blades    | 4 5 6 7 |  7.5
Dodging        | 4 5 |  5.6
Throwing       | |  2.0

Action                     |  1- 3 |  4- 6 |  7- 9 || total
---------------------------+-------+-------+-------++-------
  Melee: Long sword        |    49 |   133 |    63 ||   245
         Tentacles         |    12 |    35 |    17 ||    64
         Constrict         |    13 |    40 |    16 ||    69
         Punch             |       |       |     2 ||     2
 Invoke: Curse Item        |       |       |     1 ||     1
    Use: Potion            |     1 |     3 |     3 ||     7
         Scroll            |       |     7 |     4 ||    11
   Stab: Sleeping          |     8 |     5 |     5 ||    18
         Invisible         |       |     1 |       ||     1
 Armour: Skin              |     3 |    22 |     9 ||    34
  Dodge: Dodged            |    22 |   116 |    69 ||   207

Levels and vault maps discovered:
D:1:      dpeg_arrival_signposts, layout_loops_cross
D:2:      layout_basic, minmay_surrounded
D:3:      minmay_wonky_spiral, layout_basic, zin_purify, lemuel_crystal_altar,
          nzn_wu_jian_council_hall, serial_bayou, serial_bayou_pond_d,
          serial_bayou_pond_e, serial_bayou_shore_a, serial_bayou_shore_b,
          serial_bayou_pond_e, hellmonk_ecumenical_altar_inner_sanctum
D:4:      layout_cave_pods, amcnicky_altar_gilded,
          nicolae_ossuary_entry_monument, serial_shops, shop,
          nicolae_shop_mannequins, nicolae_shop_rolling_square, shop
D:5:      black_bear_nest_1, layout_basic, slow_altar_1,
          minmay_temple_entry_fiery, uniq_prince_ribbit1
D:6:      layout_basic
D:7:      layout_basic, serial_shops, nicolae_shop_peninsula,
          minmay_manual_macuahuitl
Temple:   nicolae_temple_panitentiary

Notes
Turn   | Place    | Note
-------+----------+-------------------------------------------
     0 | D:1      | ytrimaz the Octopode Gladiator began the quest for the Orb.
     0 | D:1      | Reached XP level 1. HP: 14/14 MP: 1/1
     0 | D:1      | magus.rc [v1.9.6]
    74 | D:1      | You pick up a book of Maledictions and begin reading...
    74 | D:1      | You add the spells Anguish and Enfeeble to your library.
    85 | D:1      | You pick up a book of Burglary and begin reading...
    85 | D:1      | You add the spells Passwall, Ensorcelled Hibernation and
                  | Swiftness to your library.
   327 | D:1      | Reached XP level 2. HP: 19/19 MP: 2/2
   506 | D:1      | You pick up a book of Dangerous Friends and begin
                  | reading...
   506 | D:1      | You add the spells Summon Guardian Golem, Orb of
                  | Destruction and Spellforged Servitor to your library.
   781 | D:2      | You pick up a book of Geomancy and begin reading...
   781 | D:2      | You add the spells Sandblast and Stone Arrow to your
                  | library.
   845 | D:2      | HP: 2/20 [worm (9)]
  1038 | D:2      | Reached XP level 3. HP: 25/25 MP: 3/3
  1051 | D:2      | Identified the +7 chain mail of Valiance {rPois rC+ Will+}
  1579 | D:3      | Found an ornate altar of the Wu Jian Council.
  1624 | D:3      | Found Zin's Purification Station.
  1625 | D:3      | Found a glowing silver altar of Zin.
  1665 | D:3      | Identified the +0 leather armour "Ustis" {rN+ Will+}
  1679 | D:3      | HP: 2/25 [something/magic dart (6)]
  1694 | D:3      | Reached skill level 3 in Fighting
  1694 | D:3      | Reached XP level 4. HP: 21/31 MP: 4/4
  1783 | D:3      | HP: 6/31 [something (4)]
  1811 | D:3      | Reached skill level 4 in Long Blades
  1827 | D:3      | Reached XP level 5. HP: 33/36 MP: 5/5
  1946 | D:3      | Found a hide-covered altar of Uskayaw.
  2461 | D:3      | Found a faded altar of an unknown god.
  2559 | D:4      | Found Wezoonki's Jewellery Boutique.
  2564 | D:4      | Found a sand-covered staircase.
  2581 | Ossuary  | Entered an ossuary
  2725 | Ossuary  | Reached skill level 4 in Fighting
  2797 | Ossuary  | Reached XP level 6. HP: 17/43 MP: 6/6
  2933 | Ossuary  | Reached skill level 4 in Dodging
  2943 | Ossuary  | Reached skill level 5 in Long Blades
  3325 | D:4      | Found an ancient bone altar of Kikubaaqudgha.
  3367 | D:4      | Found Pucsokh's Armour Shoppe.
  3367 | D:4      | Noticed an animated storm dragon scales
  3367 | D:4      | Identified a +0 crystal plate armour
  3367 | D:4      | Noticed an animated crystal plate armour
  3432 | D:4      | Reached XP level 7. HP: 46/49 MP: 7/7
  3697 | D:4      | Found Yguavot's Weapon Shoppe.
  3716 | D:4      | Found Afelius's Magic Scroll Shoppe.
  3722 | D:4      | Reached skill level 5 in Fighting
  3754 | D:4      | Bought a scroll of identify for 26 gold pieces
  3754 | D:4      | Bought a scroll of identify for 26 gold pieces
  4043 | D:5      | Entered Level 5 of the Dungeon
  4110 | D:5      | Found a staircase to the Ecumenical Temple.
  4116 | Temple   | Entered the Ecumenical Temple
  4116 | Temple   | Noticed a red devil
  4116 | Temple   | Noticed a balrug
  4117 | Temple   | Noticed Buamophuokh the pandemonium lord
  4117 | Temple   | Noticed Xiypy the pandemonium lord
  4118 | Temple   | Noticed a Brimstone Fiend
  4146 | Temple   | Noticed Pojia the pandemonium lord
  4157 | Temple   | Noticed Sese the pandemonium lord
  4158 | Temple   | Noticed a sixfirhy
  4158 | Temple   | Noticed a cacodemon
  4158 | Temple   | Noticed an orange demon
  4185 | Temple   | Noticed Fori the pandemonium lord
  4198 | Temple   | Noticed Keegyib the pandemonium lord
  4199 | Temple   | Noticed a hellwing
  4199 | Temple   | Noticed a blizzard demon
  4238 | Temple   | Became a worshipper of Ashenzari the Shackled
  4281 | D:5      | Found a snail-covered altar of Cheibriados.
  4328 | D:5      | Noticed Prince Ribbit
  4351 | D:5      | HP: 7/50 [Prince Ribbit (18)]
  4351 | D:5      | HP: 3/50 [scorpion (4)]
  4356 | D:5      | Killed Prince Ribbit
  4357 | D:5      | Reached skill level 6 in Long Blades
  4581 | D:5      | Reached XP level 8. HP: 57/57 MP: 8/8
  4618 | D:5      | Reached skill level 6 in Fighting
  4618 | D:5      | Reached skill level 5 in Dodging
  5103 | D:5      | Reached skill level 7 in Long Blades
  5446 | D:6      | You fall into a shaft and drop 1 floor!
  5485 | D:6      | Reached skill level 7 in Fighting
  5509 | D:6      | HP: 11/60 [ice beast (10)]
  5511 | D:6      | Slain by an ice beast

Vanquished Creatures
  A water moccasin (D:6)
  3 black bears
  2 ice beasts (D:5)
  A sky beast (D:6)
  An elf zombie (Ossuary)
  A scorpion (D:5)
  A howler monkey (D:5)
  2 centaur zombies (Ossuary)
  3 hounds
  An orc priest (D:4)
  2 human zombies (Ossuary)
  A jelly (D:6)
  3 orc wizards (D:3)
  A hound zombie (Ossuary)
  4 mummies
  2 adders
  An ufetubus (D:6)
  5 adder zombies (Ossuary)
  3 worms
  2 dart slugs
  12 orcs
  6 endoplasms
  4 giant cockroaches
  4 goblins
  6 hobgoblins
  5 kobolds
  2 quokkas
  9 ball pythons
  A bat (D:3)
  2 frilled lizards
  2 gnoll zombies (Ossuary)
  6 goblin zombies (Ossuary)
  3 hobgoblin zombies (Ossuary)
  A jackal zombie (Ossuary)
  3 kobold zombies (Ossuary)
  2 orc zombies (Ossuary)
  2 quokka zombies (Ossuary)
  5 rats
  3 rat zombies (Ossuary)
118 creatures vanquished.

Vanquished Creatures (collateral kills)
  Prince Ribbit (D:5)
  A scorpion (D:5)
  A quokka (D:5)
3 creatures vanquished.

Vanquished Creatures (others)
  A hobgoblin (D:3)
  5 plants (D:3)
6 creatures vanquished.

Grand Total: 127 creatures vanquished

Table legend:
 A = Non-vault XP
 B = Vault XP
 C = Vault XP percentage of total XP
 D = Non-vault monster count
 E = Vault monster count
 F = Vault count percentage of total count
                 A         B        C        D         E       F
            +---------+---------+-------+---------+---------+-------
      Total |    1452 |     837 |  36.6 |      77 |      44 |  36.4
            +---------+---------+-------+---------+---------+-------
        D:1 |      20 |       0 |   0.0 |      12 |       0 |   0.0
        D:2 |      19 |      18 |  48.6 |       9 |       2 |  18.2
        D:3 |     143 |       6 |   4.0 |      20 |       3 |  13.0
        D:4 |     133 |       0 |   0.0 |      19 |       0 |   0.0
        D:5 |     685 |     426 |  38.3 |      11 |       3 |  21.4
        D:6 |     452 |       0 |   0.0 |       6 |       0 |   0.0
    Ossuary |       0 |     387 | 100.0 |       0 |      36 | 100.0
            +---------+---------+-------+---------+---------+-------

Skill      XL: |  1  2  3  4  5  6  7  8 |
---------------+-------------------------+-----
Fighting       | 3 4 5 7 |  7.2
Long Blades    | 4 5 6 7 |  7.5
Dodging        | 4 5 |  5.6
Throwing       | |  2.0

Action                     |  1- 3 |  4- 6 |  7- 9 || total
---------------------------+-------+-------+-------++-------
  Melee: Long sword        |    49 |   133 |    63 ||   245
         Tentacles         |    12 |    35 |    17 ||    64
         Constrict         |    13 |    40 |    16 ||    69
         Punch             |       |       |     2 ||     2
 Invoke: Curse Item        |       |       |     1 ||     1
    Use: Potion            |     1 |     3 |     3 ||     7
         Scroll            |       |     7 |     4 ||    11
   Stab: Sleeping          |     8 |     5 |     5 ||    18
         Invisible         |       |     1 |       ||     1
 Armour: Skin              |     3 |    22 |     9 ||    34
  Dodge: Dodged            |    22 |   116 |    69 ||   207

Illustrated notes

Table legend:
 A = Kills in this place as a percentage of kills in the entire game.
 B = Kills by you in this place as a percentage of kills by you in the entire game.
 C = Kills by friends in this place as a percentage of kills by friends in the entire game.
 D = Other kills in this place as a percentage of other kills in the entire game.
 E = Experience gained in this place as a percentage of experience gained in the entire game.
 F = Experience gained in this place divided by the number of levels of this place that you have seen.
                   A       B       C       D       E      F
               +-------+-------+-------+-------+-------+----------------------
         Total | 100.0 | 100.0 | 100.0 |   N/A | 100.0 | 254.3
       Dungeon |  70.2 |  69.5 | 100.0 |   N/A |  83.1 | 271.7
       Ossuary |  29.8 |  30.5 |   0.0 |   N/A |  16.9 | 387.0
               +-------+-------+-------+-------+-------+----------------------

Table legend: (Time is in decaauts)
 A = Elapsed time spent in this place.
 B = Non-inter-level travel time spent in this place.
 C = Inter-level travel time spent in this place.
 D = Time resting spent in this place.
 E = Time spent auto-exploring this place.
 F = Levels seen in this place.
 G = Mean time per level.
                   A        B        C        D        E       F      G
               +--------+--------+--------+--------+--------+-----+--------+
         Total |   5588 |   5440 |    148 |     94 |   4358 |   9 |  620.9 |
       Dungeon |   4765 |   4628 |    137 |      2 |   3858 |   7 |  680.7 |
        Temple |    143 |    132 |     11 |      0 |     97 |   1 |  143.0 |
       Ossuary |    679 |    679 |      0 |     92 |    403 |   1 |  679.0 |
               +--------+--------+--------+--------+--------+-----+--------+

Top non-repeatable levels by time:
     D:5: 1261 daAuts
     D:3: 1133 daAuts
     D:4: 858 daAuts
     D:1: 748 daAuts
 Ossuary: 679 daAuts
     D:2: 677 daAuts
  Temple: 143 daAuts
     D:6: 72 daAuts
     D:7: 13 daAuts
